 Dungeon Sprint DCSS version 0.19.0-24-gb05acd6 (webtiles) character file.

921 Groucho the Unseen (level 7, -1/33 HPs)
             Began as a Spriggan Assassin on Nov 20, 2016.
             Was an Initiate of Gozag.
             Killed from afar by a burning bush (5 damage)
             ... with a puff of flame
             ... in the Dungeon (Sprint IV: "Fedhas' Mad Dash").
             The game lasted 00:04:11 (2057 turns).

Groucho the Unseen (Spriggan Assassin)              Turns: 2057, Time: 00:04:11

Health: -1/33      AC:  3    Str:  7    XL:     7   Next: 84%
Magic:  17/17      EV: 17    Int: 14    God:    Gozag
Gold:   542        SH:  0    Dex: 18    Spells: 0 memorised, 17 levels left

rFire  + . .     SeeInvis +     a - +2 dagger
rCold  x . .     Gourm    .     c - +0 robe
rNeg   . . .     Faith    .     (shield restricted)
rPois  .         Spirit   .     (helmet restricted)
rElec  .         Reflect  .     d - +0 cloak
rCorr  .         Harm     .     (gloves unavailable)
MR     +....     NoTele   +     (boots unavailable)
Stlth  +++++++...               j - amulet of invisibility {+Inv}
                                (no ring)
                                n - ring of fire

@: very quick
A: unfitting armour, see invisible, herbivore 3, speed 3, slow metabolism 2
a: Potion Petition, Call Merchant, Bribe Branch, Renounce Religion, Evoke
Invisibility


You were in the Dungeon.
You worshipped Gozag.
Gozag was pleased with you.
You were not hungry.

You visited 1 branch You collected 542 gold pieces.

Inventory:

Hand Weapons
 a - a +2 dagger (weapon)
 b - a +0 blowgun
Missiles
 e - 8 poisoned needles
 f - 2 curare-tipped needles
Armour
 c - a +0 robe (worn)
 d - a +0 cloak (worn)
Jewellery
 i - an uncursed ring of positive energy {unknown}
 j - the amulet of invisibility (around neck) {+Inv}
   (You found it in the Dungeon)

   [amulet of nothing]

   It lets you turn invisible.
 n - a ring of fire (left hand)
Scrolls
 m - a scroll of blinking
Potions
 k - 2 potions of magic
 l - a potion of might {unknown}
Comestibles
 g - a bread ration
 h - 2 royal jellies


   Skills:
 - Level 1.5 Fighting
 - Level 2.1 Short Blades
 - Level 2.0 Throwing
 - Level 1.5 Dodging
 * Level 18.5 Stealth
 * Level 5.9 Spellcasting
 + Level 13.2 Evocations


You had 17 spell levels left.
You didn't know any spells.

Dungeon Overview and Level Annotations

Branches:
Dungeon (1/1)

Altars:
Cheibriados
Dithmenos
Elyvilon
Gozag
Hepliaklqana
Kikubaaqudgha
Makhleb
Nemelex Xobeh
Okawaru
Qazlal
Ru
Sif Muna
Trog
Uskayaw
Vehumet
Xom
Yredelemnul
Zin
The Shining One
Beogh
Jiyva
Lugonu

Annotations:
D exclusions: oklob plant and oklob sapling


Innate Abilities, Weirdness & Mutations

You are very small and have problems with some larger weapons.
You are too small for most types of armour.
You have supernaturally acute eyesight. (SInv)
You are a herbivore.
You cover ground extremely quickly.
You need consume almost no food.


Message History

The puff of flame hits you! You resist.
* * * LOW HITPOINT WARNING * * *
You are too injured to fight recklessly!
You are too injured to fight recklessly!
You are too injured to fight recklessly!
You are too injured to fight recklessly!
You are too injured to fight recklessly!
Unknown command.
You are too injured to fight recklessly!
You are too injured to fight recklessly!
The burning bush throws fire at you. The puff of flame hits you! You resist.
* * * LOW HITPOINT WARNING * * *
You see here a large ivory ring.
i - a large ivory ring You see here 13 gold pieces.
The burning bush throws fire at you. The puff of flame hits you! You resist.
You die...
Your body crumbles into a pile of gold.

########################
#<..P#.....#.....#.⌠._._
#PP..'.[...'.#[[.'.._._.
#PPPP#.....#.#...#..._._
###############'##.._._.
#...♣........'...#.⌠._._
#......♣.....#...#######
#.....♣..♣..######
##'####@######P)
#..#$$$$+......f
#..#P.###P...P.. #######
#######


You could see a burning bush.

Vanquished Creatures
  An oklob plant (D)
  A queen bee (D)
  4 oklob saplings (D)
  4 killer bees (D)
  A worker ant (D)
  A river rat (D)
  A rat (D)
13 creatures vanquished.

Notes
Turn   | Place    | Note
-------+----------+-------------------------------------------
     0 | D        | Groucho the Spriggan Assassin began the quest for the Orb.
     0 | D        | Reached XP level 1. HP: 10/10 MP: 2/2
    14 | D        | Reached skill level 8 in Stealth
    14 | D        | Reached XP level 2. HP: 14/14 MP: 3/3
   162 | D        | Noticed an oklob sapling
   179 | D        | Reached skill level 11 in Stealth
   179 | D        | Reached XP level 3. HP: 10/18 MP: 4/4
   431 | D        | Found an opulent altar of Gozag.
   431 | D        | Found a hazy altar of Hepliaklqana.
   431 | D        | Found a roughly hewn altar of Beogh.
   431 | D        | Found a snail-covered altar of Cheibriados.
   432 | D        | Found a viscous altar of Jiyva.
   432 | D        | Found a burning altar of Makhleb.
   432 | D        | Found a sparkling altar of Nemelex Xobeh.
   432 | D        | Found a sacrificial altar of Ru.
   432 | D        | Found a deep blue altar of Sif Muna.
   432 | D        | Found a bloodstained altar of Trog.
   432 | D        | Found a shimmering altar of Xom.
   432 | D        | Found a basalt altar of Yredelemnul.
   432 | D        | Noticed an oklob sapling priest
   433 | D        | Found an iron altar of Okawaru.
   433 | D        | Found a shadowy altar of Dithmenos.
   433 | D        | Found a glowing silver altar of Zin.
   434 | D        | Found an ancient bone altar of Kikubaaqudgha.
   434 | D        | Found a hide-covered altar of Uskayaw.
   435 | D        | Found a stormy altar of Qazlal.
   435 | D        | Found a white marble altar of Elyvilon.
   435 | D        | Found a glowing golden altar of the Shining One.
   436 | D        | Became a worshipper of Gozag Ym Sagoz the Greedy
   437 | D        | Found a corrupted altar of Lugonu.
   437 | D        | Found a radiant altar of Vehumet.
   440 | D        | Killed an oklob sapling priest
   440 | D        | Reached skill level 12 in Stealth
   440 | D        | Reached skill level 5 in Evocations
   440 | D        | Reached XP level 4. HP: 22/22 MP: 2/8
   452 | D        | Reached skill level 13 in Stealth
   600 | D        | Reached XP level 5. HP: 25/25 MP: 7/11
   614 | D        | Reached skill level 14 in Stealth
   627 | D        | Noticed a queen bee
  1260 | D        | Killed a queen bee
  1260 | D        | Reached skill level 16 in Stealth
  1260 | D        | Reached XP level 6. HP: 30/30 MP: 12/15
  1275 | D        | Reached skill level 17 in Stealth
  1281 | D        | Reached XP level 7. HP: 15/33 MP: 12/17
  1645 | D        | Noticed an oklob plant
  1647 | D        | Killed an oklob plant
  1647 | D        | Reached skill level 18 in Stealth
  1647 | D        | Reached skill level 5 in Spellcasting
  1664 | D        | Noticed a burning bush
  1665 | D        | Noticed a burning bush
  1665 | D        | Noticed an oklob plant
  1666 | D        | Noticed a wandering mushroom
  2057 | D        | Killed from afar by a burning bush

Skill      XL: |  1  2  3  4  5  6  7 |
---------------+----------------------+-----
Stealth        | 8 11 12 13 16 17 18 | 18.5
Evocations     | 5 7 11 12 13 | 13.2
Spellcasting   | 5 |  5.9
Fighting       | |  1.5
Short Blades   | |  2.1
Throwing       | |  2.0
Dodging        | |  1.5

Action                   |  1- 3 |  4- 6 |  7- 9 || total
-------------------------+-------+-------+-------++-------
Melee: Dagger            |    23 |    28 |    19 ||    70
 Fire: Blowgun           |       |     2 |       ||     2
 Abil: Evoke Invisibilit |     1 |     4 |     1 ||     6
  Use: Potion            |     2 |     1 |     1 ||     4
 Stab: Sleeping          |     1 |     3 |     1 ||     5
       Invisible         |       |     5 |       ||     5
  Eat: Royal jelly       |       |       |     1 ||     1
Armor: Robe              |     1 |     1 |       ||     2
Dodge: Dodged            |    16 |    31 |     1 ||    48
